 Dungeon Crawl Stone Soup version 0.30.1 (webtiles) character file.

Game seed: 10974537309856857292

4949 GloriousHammer the Destroyer (level 10, -18/58 HPs)
             Began as a Tengu Fire Elementalist on July 7, 2023.
             Was a Follower of Sif Muna.
             Demolished by a boulder beetle (22 damage)
             ... on level 8 of the Dungeon.
             The game lasted 00:34:10 (12069 turns).

GloriousHammer the Destroyer (TeFE)                Turns: 12069, Time: 00:34:10

Health: -18/58     AC:  6    Str: 10    XL:     10   Next: 52%
Magic:  1/19       EV: 22    Int: 19    God:    Sif Muna [*.....]
Gold:   240        SH:  0    Dex: 14    Spells: 0/20 levels left

rFire   . . .        w - +4 short sword
rCold   . . .        (no shield)
rNeg    . . .        k - +2 robe {Archmagi}
rPois   .            (helmet restricted)
rElec   .            j - +0 cloak
rCorr   .            x - +0 pair of gloves
SInv    +            (boots unavailable)
Will    .....        (no amulet)
Stlth   +++          v - ring of see invisible
HPRegen 0.29/turn    E - +5 ring of evasion
MPRegen 0.16/turn

%: archmagi
@: flying quickly and evasively, quick
A: beak, talons 3, nimble flight
a: Renounce Religion, Channel Magic


You were on level 8 of the Dungeon.
You worshipped Sif Muna.
Sif Muna was aware of your devotion.
You visited 2 branches of the dungeon, and saw 10 of its levels.

You collected 526 gold pieces.
You spent 286 gold pieces at shops.

Inventory:

Hand Weapons
 w - a +4 short sword (weapon)
Missiles
 b - 33 poisoned darts
Armour
 j - a +0 cloak (worn)
 k - a +2 robe of the Archmagi (worn)
 x - a +0 pair of gloves (worn)
Magical Staves
 z - a staff of air
Jewellery
 v - a ring of see invisible (left hand)
 C - a ring of protection from cold
 E - a +5 ring of evasion (right hand)
Wands
 a - a wand of flame (23)
 A - a wand of digging (8)
Scrolls
 c - 2 scrolls of fog
 d - 6 scrolls of magic mapping
 e - a scroll of blinking {unknown}
 g - 2 scrolls of poison {unknown}
 i - 6 scrolls of identify
 l - a scroll of enchant weapon {unknown}
 p - 4 scrolls of fear {unknown}
 q - 3 scrolls of noise {unknown}
 t - 2 scrolls of teleportation {unknown}
 y - a scroll of enchant armour
Potions
 f - a potion of brilliance
 h - 2 potions of lignification {unknown}
 m - 6 potions of curing
 n - a potion of flight {unknown}
 o - 2 potions of attraction {unknown}
 r - a potion of haste {unknown}
 s - 5 potions of heal wounds {unknown}
 u - 2 potions of might {unknown}
 I - a potion of invisibility {unknown}


   Skills:
 + Level 4.4 Fighting
 + Level 5.6 Dodging
 - Level 4.0 Stealth
 + Level 5.7 Spellcasting
 - Level 8.0 Conjurations
 - Level 3.0 Hexes
 - Level 3.0 Translocations
 - Level 7.0 Fire Magic
 + Level 5.6 Air Magic
 + Level 3.8 Invocations


You couldn't memorise any spells.
You knew the following spells:

 Your Spells              Type           Power      Damage    Failure   Level
a - Foxfire               Conj/Fire      100%       2x1d9     1%          1
b - Scorch                Fire           96%        2d9       1%          2
c - Inner Flame           Hex/Fire       36%        N/A       4%          3
d - Volatile Blastmotes   Fire/Tloc      72%        2d16      4%          3
e - Flame Wave            Conj/Fire      50%        2d12      5%          4
f - Swiftness             Air            40%        N/A       3%          3
g - Airstrike             Air            20%        2d(3-19)  12%         4

Your spell library contained the following spells:

 Spells                   Type           Power      Damage    Failure   Level
 Static Discharge         Conj/Air       92%        2-6/arc   1%          2
 Apportation              Tloc           50%        N/A       3%          1
 Ensorcelled Hibernation  Hex/Ice        32%        N/A       10%         2
 Beastly Appendage        Tmut           16%        N/A       12%         1
 Sting                    Tmut/Pois      32%        1d4       12%         1
 Passwall                 Tmut/Erth      6%         N/A       17%         2
 Frozen Ramparts          Ice            16%        1d3       34%         3
 Summon Lightning Spire   Summ/Air       24%        N/A       36%         4
 Ice Form                 Ice/Tmut       8%         N/A       75%         4
 Petrify                  Tmut/Erth      8%         N/A       75%         4
 Summon Ice Beast         Ice/Summ       8%         N/A       75%         4
 Metabolic Englaciation   Hex/Ice        8%         N/A       86%         5
 Alistair's Intoxication  Tmut/Pois      5%         N/A       97%         5
 Statue Form              Tmut/Erth      5%         N/A       100%        6


Dungeon Overview and Level Annotations

Branches:
Dungeon (9/15)             Temple (1/1) D:6
   Lair: D:8-11         Orc: D:9-12

Altars:
Ashenzari
Cheibriados
Dithmenos
Elyvilon
Gozag
Hepliaklqana
Kikubaaqudgha
Makhleb
Nemelex Xobeh
Okawaru
Qazlal
Ru
Sif Muna
Trog
Uskayaw
Vehumet
Wu Jian
Xom
Yredelemnul
Zin
The Shining One

Shops:
D:2 :   D:9 (

Annotations:
D:3 2 transporters, Fractals's ghost, amateur DsVM
D:8 2 transporters, exclusions: boulder beetle and downstairs
D:9 exclusion: boulder beetle


Innate Abilities, Weirdness & Mutations

You have a beak for a mouth.
You have claws for feet.
Your magical nature lets you fly swiftly and evasively.


Message History

The foxfire hits the meliai but does no damage.
The foxfire hits the meliai.
The meliai is moderately wounded.
The meliai calls down the wrath of its god upon you.
Something smites you! The meliai barely misses you. The meliai stings you.
You fly upwards.
Level annotation: 2 transporters, exclusions: boulder beetle and downstairs
There is a stone staircase leading down here.
Casting: Foxfire (safe; 1% risk of failure)
Confirm with . or Enter, or press ? or * to list all spells.
You feel a surge of power!
Flames lash the meliai.
The meliai is moderately wounded.
The meliai's fire resistance burns away.
The hell hound barks!
The meliai hits you with a +0 broad axe!
The meliai closely misses you. x2; The meliai misses you.
Casting: Scorch (safe; 1% risk of failure)
Confirm with . or Enter, or press ? or * to list all spells.
Casting: Flame Wave (dangerous; 5% risk of failure)
Press: ? - help, Dir - look around, f - activate You feel a surge of power!
A wave of flame ripples out!
The flame wave engulfs the meliai.
The meliai is burned terribly!
The meliai is heavily wounded. (Press . to intensify the flame waves.)
The meliai calls down the wrath of its god upon you.
Something smites you!
The meliai hits you with a +0 broad axe.
The meliai misses you.
A wave of flame ripples out!
The flame wave engulfs the meliai!
The meliai is burned terribly!
You kill the meliai!
Sif Muna accepts your kill.
A wave of flame ripples out!
You finish channelling waves of flame.
m - 6 potions of curing (gained 1)
Things that are here:
a +0 broad axe; a +0 leather armour; a meliai corpse You start resting.
A boulder beetle is nearby!
A boulder beetle is nearby!
A boulder beetle is nearby!
The boulder beetle curls into a ball and begins rolling!
There is an open door here.
Which direction?
You reach down and close the door.
There is an open door here.
You reach down and close the door.
You reach down and open the door.
The boulder beetle curls into a ball and begins rolling!
You reach down and close the door.
Things that are here:
a +0 robe; a +1 short sword You start resting.
Magic restored.
You start resting.
A boulder beetle is nearby!
Casting: Flame Wave (dangerous; 5% risk of failure)
Confirm with . or Enter, or press ? or * to list all spells.
You feel a surge of power!
A cloud of volatile blastmotes flares up around you!
The boulder beetle leaps!
Casting: Volatile Blastmotes (dangerous; 4% risk of failure)
Confirm with . or Enter, or press ? or * to list all spells.
You feel a surge of power!
A cloud of volatile blastmotes flares up around you!
What are your orders? t - Shout!
Orders for allies: a - Attack new target. r - Retreat! s - Stop attacking. g - Guard the area. f - Follow me.
Anything else - Cancel.
You shout for attention!
The cloud of blastmotes explodes!
The concussive blast engulfs the boulder beetle!
The boulder beetle is lightly wounded.
Casting: Volatile Blastmotes (dangerous; 4% risk of failure)
Confirm with . or Enter, or press ? or * to list all spells.
You feel a surge of power!
You conjure some foxfire!
The boulder beetle leaps!
Casting: Foxfire (safe; 1% risk of failure)
Confirm with . or Enter, or press ? or * to list all spells.
You can't see any susceptible monsters within range! (Use Z to cast anyway.)
Casting: Foxfire (safe; 1% risk of failure)
Confirm with . or Enter, or press ? or * to list all spells.
You feel a surge of power!
You conjure some foxfire!
The foxfire hits the boulder beetle.
The boulder beetle is moderately wounded.
The foxfire hits the boulder beetle but does no damage.
The boulder beetle is moderately wounded.
Casting: Foxfire (safe; 1% risk of failure)
Confirm with . or Enter, or press ? or * to list all spells.
You can't see any susceptible monsters within range! (Use Z to cast anyway.)
The foxfire hits the boulder beetle.
The boulder beetle is moderately wounded.
The foxfire hits the boulder beetle.
The boulder beetle is moderately wounded.
Casting: Foxfire (safe; 1% risk of failure)
Confirm with . or Enter, or press ? or * to list all spells.
You feel a surge of power!
Flames lash the boulder beetle but do no damage.
The boulder beetle leaps!
Casting: Scorch (safe; 1% risk of failure)
Confirm with . or Enter, or press ? or * to list all spells.
Aiming: Airstrike (dangerous; 12% risk of failure)
Press: ? - help, Dir - move target, f - boulder beetle
Aim: a boulder beetle (moderately wounded, empty space bonus: 5/8)
You feel a surge of power!
The air twists around and strikes the boulder beetle but does no damage.
The boulder beetle curls into a ball and begins rolling!
The cloud of blastmotes explodes!
The concussive blast engulfs the boulder beetle!
The boulder beetle is moderately wounded.
Casting: Airstrike (dangerous; 12% risk of failure)
Confirm with . or Enter, or press ? or * to list all spells.
Aiming: Airstrike (dangerous; 12% risk of failure)
Press: ? - help, Dir - move target, f/p - boulder beetle
Aim: a boulder beetle (moderately wounded, rolling, empty space bonus: 8/8)
You feel a surge of power!
The air twists around and strikes the boulder beetle!!
The boulder beetle is severely wounded.
Casting: Airstrike (dangerous; 12% risk of failure)
Confirm with . or Enter, or press ? or * to list all spells.
You feel a surge of power!
Flames lash the boulder beetle.
The boulder beetle is severely wounded.
The boulder beetle's fire resistance burns away.
The boulder beetle closely misses you.
The boulder beetle stops rolling and uncurls.
Casting: Scorch (safe; 1% risk of failure)
Confirm with . or Enter, or press ? or * to list all spells.
You feel a surge of power!
Flames lash the boulder beetle.
The boulder beetle is burned terribly!
The boulder beetle is severely wounded.
The boulder beetle closely misses you.
Casting: Scorch (safe; 1% risk of failure)
Confirm with . or Enter, or press ? or * to list all spells.
You don't have enough magic to cast this spell.
Casting: Scorch (safe; 1% risk of failure)
Confirm with . or Enter, or press ? or * to list all spells.
Okay, then.
The boulder beetle curls into a ball and begins rolling!
You fail to use your ability.
The boulder beetle hits you!
The boulder beetle stops rolling and uncurls.
Casting: Scorch (safe; 1% risk of failure)
Confirm with . or Enter, or press ? or * to list all spells.
You feel a surge of power!
You conjure some foxfire!
The boulder beetle completely misses you.
The foxfire hits the boulder beetle but does no damage.
The boulder beetle is severely wounded.
The foxfire hits the boulder beetle but does no damage.
The boulder beetle is severely wounded.
You barely miss the boulder beetle.
You peck the boulder beetle, but do no damage.
The boulder beetle is severely wounded.
The boulder beetle waves its antennae.
The boulder beetle misses you.
You hit the boulder beetle but do no damage.
The boulder beetle is severely wounded.
The boulder beetle barely misses you.
You hit the boulder beetle but do no damage.
You claw the boulder beetle.
The boulder beetle is almost dead.
The boulder beetle bites you!
The boulder beetle curls into a ball and begins rolling!
The boulder beetle is no longer more vulnerable to fire.
The boulder beetle attacks as you move away!
The boulder beetle hits you!
The boulder beetle stops rolling and uncurls.
The boulder beetle curls into a ball and begins rolling!
The boulder beetle attacks as you move away!
The boulder beetle barely misses you.
The boulder beetle stops rolling and uncurls.
There is an open door here.
Casting: Foxfire (safe; 1% risk of failure)
Confirm with . or Enter, or press ? or * to list all spells.
Okay, then.
The boulder beetle curls into a ball and begins rolling!
The boulder beetle hits you!
* * * LOW HITPOINT WARNING * * *
The boulder beetle stops rolling and uncurls.
Casting: Foxfire (safe; 1% risk of failure)
Confirm with . or Enter, or press ? or * to list all spells.
Okay, then.
Casting: Foxfire (safe; 1% risk of failure)
Confirm with . or Enter, or press ? or * to list all spells.
You feel a surge of power!
Flames lash the boulder beetle but do no damage.
The boulder beetle bites you!
* * * LOW HITPOINT WARNING * * *
Okay, then.
Aiming: Throw Flame
Press: ? - help, Shift-Dir - straight line, f/p - boulder beetle
Aim: a boulder beetle (severely wounded, 100% to hit)
The puff of flame hits the boulder beetle but does no damage.
The boulder beetle is severely wounded.
The boulder beetle misses you.
Aiming: Throw Flame
Press: ? - help, Shift-Dir - straight line, f/p - boulder beetle
Aim: a boulder beetle (severely wounded, 100% to hit)
The puff of flame hits the boulder beetle but does no damage.
The boulder beetle is severely wounded.
The boulder beetle bites you!!
You die...

#............########## #...#
#.................# ########....
#############.....# #......##...
#..........'.....####......##..#
#..........#.........#.....##..#
#..........#.........#......#...
#..........#.........#......#...
#....##..###...B.....##..#######
#....##########@......#..#######
#........#....'.......#..'......
#........#...#######..#..#......
#..[.##..##..#.....########.....
#....#########°..○. ....○ #..###
#....#...#...#..°.. ......#..##.
#..[.+B..'...#$[°.. .#.#..#..##.
#....##..#..©#E(○.☼ ..!©.°#©..#.
#.[..###+##○.#○$°.. .#.#..#.....


You could see a boulder beetle.

Vanquished Creatures
  An ugly thing (D:9)
  A troll (D:9)
  A meliai (D:8)
  Grinder (D:3)
  4 yaks (D:8)
  2 water moccasins
  A sky beast (D:7)
  2 black bears (D:5)
  2 ogres
  2 orc warriors
  4 centaurs
  2 kobold brigands
  2 bullfrogs (D:8)
  2 scorpions
  7 wights
  10 killer bees (D:7)
  3 hounds (D:5)
  A gnoll bouda (D:8)
  4 jellies
  2 orc priests (D:7)
  2 iguanas
  A sleepcap (D:5)
  10 orc wizards
  Natasha (thrice) (D:2)
  6 gnolls
  10 adders
  2 shadow imps (D:7)
  A white imp (D:5)
  An ufetubus (D:7)
  4 worms (D:2)
  A dart slug (D:4)
  28 orcs
  11 ball pythons
  5 endoplasms
  5 giant cockroaches
  11 goblins
  2 hobgoblins (D:1)
  12 jackals
  3 quokkas
  5 bats
  6 frilled lizards
  13 kobolds
  7 rats
203 creatures vanquished.

Vanquished Creatures (others)
  476 foxfires
476 creatures vanquished.

Grand Total: 679 creatures vanquished

Notes
Turn   | Place    | Note
-------+----------+-------------------------------------------
     0 | D:1      | GloriousHammer the Tengu Fire Elementalist began the quest
                  | for the Orb.
     0 | D:1      | Reached XP level 1. HP: 10/10 MP: 4/4
   161 | D:1      | Reached XP level 2. HP: 15/15 MP: 3/6
   251 | D:1      | Reached skill level 2 in Conjurations
   511 | D:1      | Reached XP level 3. HP: 19/19 MP: 3/7
   518 | D:1      | Learned a level 2 spell: Scorch
   522 | D:1      | Learned a level 3 spell: Inner Flame
   839 | D:2      | Noticed Natasha
   847 | D:2      | Killed Natasha
   916 | D:2      | Found Daonilao's Book Shop.
   922 | D:2      | Reached XP level 4. HP: 24/24 MP: 5/8
  1161 | D:2      | Noticed Natasha
  1249 | D:2      | Killed Natasha
  1250 | D:2      | Reached skill level 3 in Conjurations
  1383 | D:2      | Noticed Natasha
  1386 | D:2      | Killed Natasha
  1387 | D:2      | Reached skill level 1 in Hexes
  1387 | D:2      | Gained mutation: Your magical nature lets you fly swiftly
                  | and evasively. [Tengu growth]
  1387 | D:2      | Reached XP level 5. HP: 28/28 MP: 6/10
  2028 | D:2      | Found a faded altar of an unknown god.
  2197 | D:3      | Learned a level 3 spell: Volatile Blastmotes
  2314 | D:3      | Found a transporter.
  2413 | D:3      | Found a transporter.
  2415 | D:3      | Noticed Fractals's ghost (amateur DsVM)
  2429 | D:3      | Noticed a kobold brigand
  2741 | D:3      | Noticed Grinder
  2753 | D:3      | Killed Grinder
  2754 | D:3      | Reached skill level 4 in Conjurations
  2754 | D:3      | Reached skill level 1 in Translocations
  2754 | D:3      | Reached skill level 5 in Fire Magic
  2754 | D:3      | Reached XP level 6. HP: 20/32 MP: 6/12
  3172 | D:4      | Reached XP level 7. HP: 36/36 MP: 8/13
  4576 | D:4      | Learned a level 4 spell: Flame Wave
  4593 | D:5      | Entered Level 5 of the Dungeon
  5308 | D:5      | Reached skill level 5 in Conjurations
  5308 | D:5      | Reached XP level 8. HP: 39/41 MP: 4/14
  6108 | D:2      | Bought a book of Storms for 286 gold pieces
  6814 | D:6      | Reached skill level 6 in Conjurations
  6961 | D:6      | Reached skill level 7 in Conjurations
  7005 | D:6      | Reached skill level 8 in Conjurations
  7334 | D:6      | Found a shimmering blue altar of Sif Muna.
  7350 | D:6      | Reached skill level 1 in Fighting
  7350 | D:6      | Reached XP level 9. HP: 47/47 MP: 7/16
  7411 | D:6      | Got Sif Muna's Lessons on Fetid Shaping
  7416 | D:6      | Found a bloodstained altar of Trog.
  7555 | D:6      | Found a staircase to the Ecumenical Temple.
  7694 | D:6      | Found a glowing silver altar of Zin.
  7694 | D:6      | Found a sacrificial altar of Ru.
  7972 | Temple   | Entered the Ecumenical Temple
  8099 | Temple   | Learned a level 3 spell: Swiftness
  8188 | D:6      | Became a worshipper of Sif Muna the Loreminder
  8241 | D:7      | Reached skill level 1 in Air Magic
  8344 | D:7      | Reached skill level 1 in Invocations
  9672 | D:8      | Found a transporter.
  9690 | D:8      | Noticed a boulder beetle
  9932 | D:8      | Found a transporter.
 10027 | D:8      | Reached * piety under Sif Muna
 10028 | D:8      | Reached skill level 5 in Spellcasting
 10340 | D:8      | Reached XP level 10. HP: 56/56 MP: 2/18
 10506 | D:8      | Reached skill level 5 in Dodging
 10720 | D:8      | Found a hazy altar of Hepliaklqana.
 11165 | D:9      | Noticed a boulder beetle
 11326 | D:9      | Reached skill level 5 in Air Magic
 11498 | D:9      | Found Mecoaged's Weapon Emporium.
 11513 | D:9      | Learned a level 4 spell: Airstrike
 11545 | D:9      | Noticed a cyan ugly thing
 11567 | D:9      | Killed a cyan ugly thing
 11572 | D:9      | Noticed a tengu warrior
 12069 | D:8      | Demolished by a boulder beetle

Illustrated notes

Levels and vault maps discovered:
D:1:      tarquinn_simple_flora_water_a, layout_rooms
D:2:      minmay_alternating_diamond, layout_rooms,
          shapermc_ecumenical_altar_acropolis, serial_shops, shop,
          minmay_quantized, uniq_natasha
D:3:      layout_loops_cross, gammafunk_ghost_arena, uniq_grinder
D:4:      layout_basic
D:5:      layout_layer_cave, grunt_ministairs_5
D:6:      layout_basic, gammafunk_temple_overflow_elements,
          nzn_overflow_gifts_of_might_and_magic, minmay_temple_entry_fiery
D:7:      layout_loops_ring
D:8:      gammafunk_cloud_chamber, layout_gridville,
          worldfamousw_hep_ancestral_shrine
D:9:      minmay_the_grid_3x2 [minmay_the_grid_plusring,
          minmay_the_grid_zigzag_pyramid, minmay_the_grid_empty,
          minmay_the_grid_expand, minmay_the_grid_eight,
          minmay_the_grid_prize_trominoes], layout_irregular_city,
          erik_lair_dragon, serial_shops, nicolae_shop_hallway_plus
Temple:   minmay_temple_bridge_d

Skill      XL: |  1  2  3  4  5  6  7  8  9 10 |
---------------+-------------------------------+-----
Conjurations   | 2 3 4 5 8 |  8.0
Fire Magic     | 4 5 6 7 |  7.0
Hexes          | 1 2 3 |  3.0
Spellcasting   | 3 4 5 |  5.7
Translocations | 1 2 3 |  3.0
Fighting       | 1 3 4 |  4.4
Air Magic      | 4 5 |  5.6
Dodging        | 4 5 |  5.6
Stealth        | 4 |  4.0
Invocations    | 3 |  3.8

Action                     |  1- 3 |  4- 6 |  7- 9 | 10-12 || total
---------------------------+-------+-------+-------+-------++-------
  Melee: Dagger            |    11 |       |       |       ||    11
         Kick              |     2 |     4 |     3 |     2 ||    11
         Spear             |     2 |       |       |       ||     2
         Whip              |       |    16 |       |       ||    16
         Peck              |       |     3 |     1 |     1 ||     5
         Short sword       |       |       |     8 |     4 ||    12
   Cast: Foxfire           |    50 |    50 |   186 |    30 ||   316
         Scorch            |       |    38 |    65 |    13 ||   116
         Inner Flame       |       |       |    24 |     4 ||    28
         Volatile Blastmot |       |       |     1 |     7 ||     8
         Flame Wave        |       |       |     1 |     3 ||     4
         Swiftness         |       |       |     1 |       ||     1
         Airstrike         |       |       |       |     2 ||     2
  Evoke: Wand              |       |       |       |     2 ||     2
    Use: Potion            |       |     1 |     1 |       ||     2
         Scroll            |       |     5 |     3 |       ||     8
 Armour: Robe              |     4 |     4 |    10 |     1 ||    19
  Dodge: Dodged            |     9 |    19 |    44 |    15 ||    87
